 Dungeon Crawl Stone Soup version 0.25-a0-578-gc91f01c (webtiles) character file.

Game seed: 6880539621949998477, levelgen mode: deterministic

67 Faels the Skirmisher (level 4, 0/35 HPs)
             Began as a Demonspawn Fighter on Mar 2, 2020.
             Slain by Sigmund
             ... wielding a +0 scythe
              (3 damage)
             ... on level 2 of the Dungeon on Mar 3, 2020.
             The game lasted 00:05:33 (1942 turns).

Faels the Skirmisher (Demonspawn Fighter)           Turns: 1942, Time: 00:05:34

Health: 0/35       AC:  7    Str: 16    XL:     4   Next: 0%
Magic:  4/4        EV:  7    Int: 10    God:
Gold:   71         SH:  0    Dex: 13    Spells: 3/3 levels left

rFire    . . .     SeeInvis .   a - +0 long sword
rCold    . . .     Gourm    .   c - +0 kite shield
rNeg     . . .     Faith    .   b - +0 scale mail
rPois    .         Spirit   .   k - +1 hat
rElec    .         Reflect  .   (no cloak)
rCorr    .         Harm     .   (no gloves)
MR       .....                  (no boots)
Stlth    ..........             (no amulet)
HPRegen  0.11/turn              (no ring)
MPRegen  0.09/turn              (no ring)

@: confused, mighty
A: powered by death 1, spiny 1
a: no special abilities


You were on level 2 of the Dungeon.
You were hungry.

You visited 1 branch of the dungeon, and saw 2 of its levels.

You collected 71 gold pieces.

Inventory:

Hand Weapons
 a - a +0 long sword (weapon)
 e - a +4 short sword
Armour
 b - a +0 scale mail (worn)
 c - a +0 kite shield (worn)
 k - a +1 hat (worn)
Wands
 n - a wand of scattershot (4)
Scrolls
 h - 3 scrolls of remove curse {unknown}
 i - a scroll of enchant weapon {unknown}
 j - a scroll of amnesia {unknown}
 l - a scroll of noise {unknown}
 m - 3 scrolls of identify {unknown}
Comestibles
 f - 4 rations
 g - a chunk of flesh


   Skills:
 + Level 3.5 Fighting
 * Level 3.0 Long Blades
 - Level 2.6 Armour
 + Level 1.3 Dodging
 - Level 2.6 Shields


You had 3 spell levels left.
You didn't know any spells.
Your spell library was empty.

Dungeon Overview and Level Annotations

Branches:
Dungeon (2/15)

Altars:

Annotations:
D:2 Sigmund


Innate Abilities, Weirdness & Mutations

You regenerate a little health from kills.
You are partially covered in sharp spines.


Message History

Sigmund gestures wildly while chanting.
Sigmund flickers and vanishes!
Deactivating autopickup; reactivate with Ctrl-A.
Your shield and scale mail prevent you from hitting something.
You block something's attack.
Your shield and scale mail prevent you from hitting something.
You hear some strange, mumbled words.
Something tries to affect you, but you resist.
You barely miss something. Something hits you.
You closely miss something. Something hits you.
You hit something but do no damage.
You hear some strange, mumbled words.
You are confused.
Something hits you! Something hits you!
You aren't carrying any potions.
You completely miss something. Something hits you!
* * * LOW HITPOINT WARNING * * *
You miss something. Something hits you.
You die...

#..# #. #.... #..#
#. .P .... #..# ##
.♣ ... #..# .♣ ...
#..# .. #[# ##..##.#
♣♣. #.# ##...##.#
#..##{#. #..#.##.#
#..@.#. ##.##.##.#
##$.##.##..##.##^#
##.##..#.###.##.#
##%# #.#.# #.##.#
#..# #...# #.##.##
#..# #...# #.#...##
#..##♣.♣.♣##......#
##...##....##....♣.♣
#.....♣...♣##.......


There were no monsters in sight!

Vanquished Creatures
  An adder (D:2)
  A worm (D:2)
  A dart slug (D:2)
  3 leopard geckos (D:2)
  3 ball pythons (D:1)
  8 bats
  3 giant cockroaches
  6 goblins
  4 hobgoblins
  7 jackals
  A quokka (D:2)
  3 frilled lizards
  2 kobolds (D:2)
  3 rats
46 creatures vanquished.

Notes
Turn   | Place    | Note
-------+----------+-------------------------------------------
     0 | D:1      | Faels the Demonspawn Fighter began the quest for the Orb.
     0 | D:1      | Reached XP level 1. HP: 18/18 MP: 1/1
   177 | D:1      | Gained mutation: You regenerate a little health from kills.
                  | [demonic ancestry]
   177 | D:1      | Reached XP level 2. HP: 18/24 MP: 2/2
   724 | D:1      | Reached skill level 1 in Dodging
  1084 | D:2      | Gained mutation: You are partially covered in sharp spines.
                  | [demonic ancestry]
  1084 | D:2      | Reached XP level 3. HP: 25/29 MP: 3/3
  1926 | D:2      | Reached XP level 4. HP: 35/35 MP: 4/4
  1927 | D:2      | Noticed Sigmund
  1942 | D:2      | Slain by Sigmund

Levels and vault maps discovered:
D:1:      minmay_arrival_nine_rooms, layout_loops_corners, minmay_box_of_dots
D:2:      layout_rooms, serial_forest, infiniplex_forest_corner_2,
          infiniplex_forest_lined_4_way, infiniplex_forest_lined_room_,
          infiniplex_forest_end_2, infiniplex_forest_lined_3,
          infiniplex_forest_lined_room_3, infiniplex_forest_lined_room_,
          infiniplex_forest_join, uniq_sigmund

Skill      XL: |  1  2  3 |
---------------+----------+-----
Long Blades    | 2 3 |  3.0
Dodging        | 1 |  1.3
Fighting       | |  3.5
Armour         | |  2.6
Shields        | |  2.6

Action                   |  1- 3 |  4- 6 || total
-------------------------+-------+-------++-------
Melee: Long sword        |   140 |     8 ||   148
  Use: Potion            |       |     1 ||     1
  Eat: Chunk             |     3 |       ||     3
Armor: Scale mail        |    81 |       ||    81
Dodge: Dodged            |    61 |       ||    61
Block: Kite shield       |    91 |     1 ||    92
       Rpst.: Long sword |    16 |       ||    16

Table legend:
 A = Non-vault XP
 B = Vault XP
 C = Vault XP percentage of total XP
 D = Non-vault monster count
 E = Vault monster count
 F = Vault count percentage of total count
                 A         B        C        D         E       F
            +---------+---------+-------+---------+---------+-------
      Total |      93 |       4 |   4.1 |      44 |       2 |   4.3
            +---------+---------+-------+---------+---------+-------
        D:1 |      38 |       4 |   9.5 |      23 |       2 |   8.0
        D:2 |      55 |       0 |   0.0 |      21 |       0 |   0.0
            +---------+---------+-------+---------+---------+-------
